 Dungeon Crawl Stone Soup version 0.27-a0-668-gb5737ff2c0 (webtiles) character file.

Game seed: 5146383888573292604

739 Lanoc the Charlatan (level 7, -9/64 HPs)
             Began as a Naga Artificer on Mar 17, 2021.
             Was an Initiate of Ashenzari.
             Mangled by an ice beast (14 damage)
             ... on level 5 of the Dungeon.
             The game lasted 00:11:09 (6472 turns).

Lanoc the Charlatan (Naga Artificer)                Turns: 6472, Time: 00:11:10

Health: -9/64      AC:  6    Str: 14    XL:     7   Next: 75%
Magic:  7/7        EV: 10    Int: 12    God:    Ashenzari [......]
Gold:   145        SH:  0    Dex: 13    Spells: 6/6 levels left

rFire    . . .     SeeInvis +   a - +0 dagger
rCold    . . .     Faith    .   (no shield)
rNeg     . . .     Spirit   .   b - +0 leather armour
rPois    +         Reflect  .   k - +1 helmet of the Sidereal Apathy {Cun, Elem} (curse)
rElec    .         Harm     .   (no cloak)
rCorr    .         Rampage  .   (no gloves)
Will     .....                  (no barding)
Stlth    ++........             (no amulet)
HPRegen  0.20/turn              (no ring)
MPRegen  0.10/turn              (no ring)

@: short of breath, very slow
A: AC +2, large, see invisible, deformed body, poison resistance, slowness 2,
spit poison 1, naga tail 1
a: Spit Poison, Renounce Religion, Shatter the Chains


You were on level 5 of the Dungeon.
You worshipped Ashenzari.
Ashenzari was noncommittal.
You visited 2 branches of the dungeon, and saw 6 of its levels.
You also visited: Sewer.

You collected 145 gold pieces.

Inventory:

Hand Weapons
 a - a +0 dagger (weapon)
Armour
 b - a +0 leather armour (worn)
 k - the cursed +1 helmet of the Sidereal Apathy (worn) {Cun, Elem}
   (You found it on level 2 of the Dungeon)

   It has a curse placed upon it.
Wands
 d - a wand of charming (9)
 e - a wand of random effects (4) (quivered)
Scrolls
 j - a scroll of amnesia
 l - a scroll of enchant weapon
 o - a scroll of brand weapon
 p - a scroll of enchant armour
Potions
 f - a potion of flight
 g - a potion of cancellation
 h - a potion of magic
 i - a potion of lignification
 m - a potion of resistance
 n - a potion of curing
 q - a potion of brilliance


   Skills:
 + Level 4.0 Fighting
 - Level 1.5 Armour
 + Level 3.3(3.8) Dodging
 - Level 1.5(1.9) Stealth
 * Level 6.6 Evocations


You had 6 spell levels left.
You didn't know any spells.
Your spell library contained the following spells:

 Spells                   Type           Power      Damage    Failure   Level
 Animate Skeleton         Necr           0%         N/A       38%         1
 Apportation              Tloc           0%         N/A       38%         1
 Corona                   Hex            0%         N/A       38%         1
 Summon Small Mammal      Summ           0%         N/A       38%         1


Dungeon Overview and Level Annotations

Branches:
Dungeon (5/15)             Temple (1/1) D:4           Sewer (visited)

Altars:
Ashenzari
Cheibriados
Dithmenos
Elyvilon
Fedhas
Hepliaklqana
Kikubaaqudgha
Makhleb
Nemelex Xobeh
Okawaru
Qazlal
Ru
Sif Muna
Trog
Vehumet
Xom
Zin
The Shining One

Shops:
D:1 ?

Annotations:
D:3 1 runed translucent door, t4s4d4r's ghost, amateur OpTm


Innate Abilities, Weirdness & Mutations

Your serpentine skin is tough. (AC +2)
You have supernaturally acute eyesight. (SInv)
Armour fits poorly on your strangely shaped body.
Your system is resistant to poisons. (rPois)
You cover ground very slowly.
You can spit poison.
You have a snake-like lower body.


Message History

You hit the ice beast.
The ice beast is lightly wounded.
The helpless ice beast fails to defend itself.
You hit the ice beast but do no damage.
The ice beast is lightly wounded.
The helpless ice beast fails to defend itself.
You hit the ice beast.
The ice beast is moderately wounded.
The helpless ice beast fails to defend itself.
You hit the ice beast.
The ice beast is moderately wounded.
The helpless ice beast fails to defend itself.
You hit the ice beast.
The ice beast is moderately wounded.
You feel less wooden.
The cursed +1 helmet of the Sidereal Apathy {Cun, Elem} unmelds from your body.
Your +0 leather armour unmelds from your body.
The ice beast is no longer petrified.
The ice beast hits you but does no damage.
Aiming: Random Effects
Press: ? - help, Q - select action, (/) - cycle Shift-Dir - straight line, f - ice beast
Aim: an ice beast (moderately wounded)
The ice beast seems to slow down.
The ice beast hits you.
* * * LOW HITPOINT WARNING * * *
The ice beast freezes you.
* * * LOW HITPOINT WARNING * * *
Press: ? - help, Shift-Dir - straight line, f/p - ice beast
Aim: an ice beast (moderately wounded, slow)
The splash of poison hits the ice beast.
The ice beast completely resists.
The ice beast is moderately wounded.
Aiming: Random Effects
Press: ? - help, Q - select action, (/) - cycle Shift-Dir - straight line, f/p - ice beast
Aim: an ice beast (moderately wounded, slow)
The ice beast is moving more slowly.
The ice beast hits you.
* * * LOW HITPOINT WARNING * * *
The ice beast freezes you!
You die...

##... ##.###......#
#.....##..# ##....##
#.....#..## #....#
#.....#..# ##.<..#.....#
#.......#
##..รท.##.....#
####...####.....##.....#
###.###......#......#
##.#......##......#
##.....@.#.....>#
#......Y#......#
#.#####...>...# ##.#
##.......# #..#
##.......... #..#
##...####.. #.## #...# #
#.# ##.## #.# ###


You could see an ice beast (petrifying, slow).

Vanquished Creatures
  A bullfrog (Sewer)
  2 ogres (D:4)
  A necrophage (D:5)
  A jelly (D:5)
  An iguana (D:5)
  4 worker ants
  A hound skeleton (D:5)
  3 gnolls (D:4)
  12 adders
  A river rat (D:3)
  11 oozes
  A worm (D:2)
  A dart slug (D:3)
  6 leopard geckos (Sewer)
  15 ball pythons
  6 giant cockroaches
  9 bats
  10 frilled lizards
  5 goblins
  A jackal skeleton (D:4)
  3 kobolds
  A leopard gecko skeleton (D:4)
  7 rats
103 creatures vanquished.

Vanquished Creatures (collateral kills)
  A bullfrog (Sewer)
  An ooze (Sewer)
  A leopard gecko (Sewer)
  2 giant cockroaches (Sewer)
  A ball python (D:1)
6 creatures vanquished.

Vanquished Creatures (others)
  A gnoll (D:1)
  A leopard gecko (D:1)
  A kobold (D:1)
3 creatures vanquished.

Grand Total: 112 creatures vanquished

Notes
Turn   | Place    | Note
-------+----------+-------------------------------------------
     0 | D:1      | Lanoc the Naga Artificer began the quest for the Orb.
     0 | D:1      | Reached XP level 1. HP: 18/18 MP: 1/1
   290 | D:1      | Found Fiem's Magic Scroll Boutique.
   576 | D:1      | Reached skill level 1 in Dodging
   576 | D:1      | Reached XP level 2. HP: 6/25 MP: 2/2
  1062 | D:2      | Reached XP level 3. HP: 28/31 MP: 3/3
  1836 | D:2      | Reached skill level 4 in Evocations
  1836 | D:2      | Reached XP level 4. HP: 33/39 MP: 4/4
  2260 | D:3      | Found a glowing drain.
  2285 | Sewer    | Entered a sewer
  2482 | Sewer    | Reached XP level 5. HP: 29/45 MP: 5/5
  3637 | Sewer    | Reached skill level 5 in Evocations
  3637 | Sewer    | Reached XP level 6. HP: 39/55 MP: 6/6
  3648 | Sewer    | Killed a bullfrog
  4343 | D:3      | Found a runed translucent door.
  4348 | D:3      | Noticed t4s4d4r's ghost (amateur OpTm)
  4814 | D:4      | Found a staircase to the Ecumenical Temple.
  4821 | Temple   | Entered the Ecumenical Temple
  4850 | Temple   | Became a worshipper of Ashenzari the Shackled
  4896 | D:4      | Found a sparkling altar of Nemelex Xobeh.
  4897 | D:4      | Found a burning altar of Makhleb.
  4897 | D:4      | Found a glowing golden altar of the Shining One.
  4920 | D:4      | Found an ancient bone altar of Kikubaaqudgha.
  4922 | D:4      | Found an iron altar of Okawaru.
  4922 | D:4      | Found a snail-covered altar of Cheibriados.
  4923 | D:4      | Found a sacrificial altar of Ru.
  5069 | D:4      | Found an iron altar of Okawaru.
  5665 | D:4      | Reached skill level 6 in Evocations
  5665 | D:4      | Reached XP level 7. HP: 33/62 MP: 7/7
  6132 | D:5      | Entered Level 5 of the Dungeon
  6465 | D:5      | Identified the cursed +1 helmet of the Sidereal Apathy
                  | {Cun, Elem} (You found it on level 2 of the Dungeon)
  6472 | D:5      | Mangled by an ice beast

Illustrated notes

Levels and vault maps discovered:
D:1:      nzn_arrival_settlement, layout_loops_ring, serial_shops,
          nicolae_shop_waterfront
D:2:      layout_loops_corners
D:3:      layout_loops_cross, ebering_ghost_reflecting_pool,
          portal_sewer_entry_b
D:4:      layout_gridville, grunt_temple_overflow_open,
          minmay_temple_entry_arrows, okawaru_gym_becter
D:5:      layout_cave_pods, nicolae_wu_jian_immortal_techniques
Temple:   minmay_temple_bridge_abc

Skill      XL: |  1  2  3  4  5  6  7 |
---------------+----------------------+-----
Dodging        | 1 2 3 |  3.3
Fighting       | 2 3 4 |  4.0
Evocations     | 4 5 6 |  6.6
Armour         | |  1.5
Stealth        | |  1.5

Action                   |  1- 3 |  4- 6 |  7- 9 || total
-------------------------+-------+-------+-------++-------
Melee: Dagger            |    75 |   410 |    92 ||   577
Invok: Curse Item        |       |       |     1 ||     1
 Abil: Spit Poison       |    15 |    29 |     9 ||    53
Evoke: Wand              |    10 |     6 |    16 ||    32
  Use: Scroll            |       |     5 |       ||     5
       Potion            |       |     4 |     2 ||     6
 Stab: Sleeping          |     1 |     2 |     1 ||     4
       Petrified         |       |       |    15 ||    15
       Petrifying        |       |       |     1 ||     1
Armor: Leather armour    |    17 |   211 |    28 ||   256
       Skin              |       |    17 |    42 ||    59
Dodge: Dodged            |    33 |   265 |    35 ||   333

Table legend: (Time is in decaauts)
 A = Elapsed time spent in this place.
 B = Non-inter-level travel time spent in this place.
 C = Inter-level travel time spent in this place.
 D = Time resting spent in this place.
 E = Time spent auto-exploring this place.
 F = Levels seen in this place.
 G = Mean time per level.
                   A        B        C        D        E       F      G
               +--------+--------+--------+--------+--------+-----+--------+
         Total |   7476 |   7238 |    238 |      0 |   5922 |   7 | 1068.0 |
       Dungeon |   5723 |   5511 |    212 |      0 |   4725 |   5 | 1144.6 |
        Temple |     68 |     42 |     26 |      0 |     29 |   1 |   68.0 |
         Sewer |   1684 |   1684 |      0 |      0 |   1167 |   1 | 1684.0 |
               +--------+--------+--------+--------+--------+-----+--------+

Top non-repeatable levels by time:
   Sewer: 1684 daAuts
     D:3: 1554 daAuts
     D:4: 1500 daAuts
     D:2: 1292 daAuts
     D:1: 1014 daAuts
     D:5: 361 daAuts
  Temple: 68 daAuts
